 Dungeon Crawl Stone Soup version 0.17-a0-2055-gb4e23be (webtiles) character file.

144 radek the Conjurer (level 5, -1/28 HPs)
             Began as a Deep Elf Conjurer on Oct 11, 2015.
             Killed by miscasting Iskenderun's Battlesphere (29 damage)
             ... on level 2 of the Dungeon.
             The game lasted 00:12:51 (1991 turns).

radek the Conjurer (Deep Elf Conjurer)              Turns: 1991, Time: 00:12:52

Health: -1/28      AC:  2    Str:  6    XL:     5   Next: 5%
Magic:  6/11       EV: 13    Int: 20    God:
Gold:   142        SH:  0    Dex: 15    Spells: 2 memorised, 4 levels left

rFire  . . .     SeeInvis +     (no weapon)
rCold  . . .     Clarity  .     a - +0 robe
rNeg   . . .     SustAt   .     (no shield)
rPois  .         Gourm    .     (no helmet)
rElec  .         Spirit   .     (no cloak)
rCorr  .         Warding  .     (no gloves)
rMut   .         Stasis   .     (no boots)
MR     .....                    (no amulet)
Stlth  ++........               (no ring)
                                p - ring of see invisible

@: very slightly contaminated, not resistant to hostile enchantments, unstealthy
A: no striking features
a: no special abilities


You were on level 2 of the Dungeon.
You were not hungry.

You visited 1 branch of the dungeon, and saw 2 of its levels.

You collected 142 gold pieces.

Inventory:

Hand Weapons
 r - a +3 quarterstaff of chaos
Armour
 a - a +0 robe (worn)
 s - a +0 cloak
Jewellery
 p - a ring of see invisible (left hand)
Wands
 o - a wand of polymorph (21)
Scrolls
 e - 2 scrolls of random uselessness {unknown}
 g - a scroll of recharging {unknown}
 h - a scroll of remove curse {unknown}
 k - a scroll of fear {unknown}
 q - a scroll of magic mapping {unknown}
Potions
 j - a potion of resistance {unknown}
 l - 3 potions of curing {unknown}
 m - a potion of haste {unknown}
 n - 2 potions of invisibility {unknown}
Books
 b - a book of Conjurations

   Spells                             Type                      Level
   a - Magic Dart                     Conjuration                  1
   b - Searing Ray                    Conjuration                  2
   c - Dazzling Spray                 Conjuration/Hexes            3
   d - Fulminant Prism                Conjuration/Hexes            4
   e - Iskenderun's Mystic Blast      Conjuration                  4
   f - Iskenderun's Battlesphere      Conjuration/Charms           5
Comestibles
 c - a bread ration
 d - a meat ration
 f - 3 fruits
 i - a chunk of flesh


   Skills:
 - Level 2.4 Dodging
 - Level 2.4 Stealth
 - Level 3.0 Spellcasting
 + Level 7.0 Conjurations
 * Level 0.0 Charms


You had 4 spell levels left.
You knew the following spells:

 Your Spells              Type           Power        Failure   Level  Hunger
a - Magic Dart            Conj           ####         1%          1    None
b - Iskenderun's Battles  Conj/Chrm      ###.....     89%         5    ######.


Dungeon Overview and Level Annotations

Branches:
Dungeon (2/15)

Altars:


Message History

Casting: Magic Dart
Confirm with . or Enter, or press ? or * to list all spells.
Okay, then.
Casting: Magic Dart
Confirm with . or Enter, or press ? or * to list all spells.
Okay, then.
Okay, then.
Okay, then.
You see here a mace.
A giant gecko comes into view.
Casting: Magic Dart
Confirm with . or Enter, or press ? or * to list all spells.
The spell is very dangerous to cast!
Continue anyway?
Uppercase [Y]es or [N]o only, please.
The spell is very dangerous to cast!
Continue anyway?
You miscast Iskenderun's Battlesphere.
You are very lightly contaminated with residual magic.
You are blasted with magical energy!
Ouch! That really hurt!
You die...

.####### ######..###.........##..
.##....###...##.>##......(...####
..#...........................###
..#....###...##.....#............
.......###...###....#..<.....####
..................#.#........####
....#........##.....#............
<#..#####l.........##........####
.#..###.........@...#........# #
..#..........#....#.####.#####
#.#..........#..............##
#.#......#####...............##
..........#.<.................#
............#>##..............#
..............##..............#
##......##....##............>.###
###...####...###..............#.#


You could see a giant gecko (wandering).

Vanquished Creatures
  Crazy Yiuf (D:2)
  Natasha (thrice) (D:2)
  4 adders (D:2)
  An ooze (D:2)
  A giant gecko (D:2)
  4 bats (D:2)
  3 giant cockroaches (D:2)
  5 hobgoblins
  2 jackals (D:1)
  4 kobolds
  A quokka (D:2)
  2 giant newts
  6 goblins
  5 rats
42 creatures vanquished.

Notes
Turn   | Place    | Note
--------------------------------------------------------------
     0 | D:1      | radek the Deep Elf Conjurer began the quest for the Orb.
     0 | D:1      | Reached XP level 1. HP: 10/10 MP: 6/6
   486 | D:1      | Reached XP level 2. HP: 15/15 MP: 4/8
   546 | D:1      | Reached skill level 5 in Conjurations
   841 | D:2      | Noticed Natasha
   848 | D:2      | Killed Natasha
   848 | D:2      | Reached XP level 3. HP: 19/19 MP: 3/9
   995 | D:2      | Reached skill level 6 in Conjurations
  1019 | D:2      | Reached XP level 4. HP: 7/24 MP: 0/10
  1284 | D:2      | Noticed Natasha
  1290 | D:2      | Killed Natasha
  1447 | D:2      | Noticed Natasha
  1471 | D:2      | Killed Natasha
  1875 | D:2      | Noticed Crazy Yiuf
  1890 | D:2      | Killed Crazy Yiuf
  1890 | D:2      | Reached skill level 7 in Conjurations
  1890 | D:2      | Reached XP level 5. HP: 28/28 MP: 5/11
  1900 | D:2      | Learned a level 5 spell: Iskenderun's Battlesphere
  1991 | D:2      | Killed by miscasting Iskenderun's Battlesphere

Vault maps used:
D:1:      eino_arrival_cavern_e, minivault_25
D:2:      uniq_crazy_yiuf_cottage, uniq_natasha

Action                   |  1- 3 |  4- 6 || total
-------------------------+-------+-------++-------
 Cast: Magic Dart        |    55 |    48 ||   103
  Eat: Bread ration      |       |     1 ||     1
